Map: Acid Plant LE

Players

Serral

  • Race: Zerg Zerg
  • Spawn Location: 5:00

Classic - Winner!

  • Race: Protoss Protoss
  • Spawn Location: 11:00

Event: IEM Season 12 - Katowice

VOD

https://youtu.be/pdCzyVeAIg8?t=16m44s

Description

Time

  • Played on: March 4, 2018, 4:55 a.m.
  • Length: 5:56

All games in this series

Show
View Real Time Build Order
Export as new Build Order

Serral Zerg 

Build Orders: Hatch First 

Get SALT Encoding   

  12  0:00  Drone  
  13  0:12  Overlord  
  13  0:16  Drone  
  14  0:30  Drone  
  14  0:31  Drone  
  16  0:48  Hatchery  
  15  0:50  Drone  
  15  0:54  Drone  
  17  0:58  Drone  
  18  1:08  Extractor  
  17  1:13  Spawning Pool  
  17  1:16  Drone  
  17  1:20  Drone  
  18  1:29  Drone  
  19  1:39  Overlord  
  19  1:52  Drone  
  20  1:59  Queen  
  20  2:00  Queen  
  24  2:01  Zergling x2  
  24  2:02  Drone  
  24  2:08  Metabolic Boost  
  26  2:10  Drone  
  26  2:12  Drone  
  28  2:21  Drone x2  
  30  2:32  Zergling x2  
  30  2:34  Drone  
  32  2:42  Hatchery  
  31  2:47  Queen  
  31  2:50  Overlord  
  33  2:52  Drone  
  33  2:55  Drone  
  33  2:56  Drone  
  36  3:07  Overlord  
  36  3:09  Drone x2  
  36  3:10  Drone x2  
  40  3:18  Drone  
  41  3:20  Drone  
  41  3:22  Queen  
  41  3:26  Overlord  
  44  3:32  Drone  
  45  3:35  Spore Crawler, Lair  
  45  3:36  Drone  
  45  3:40  Drone x2  
  47  3:45  Drone x3  
  47  3:48  Drone x2  
  52  3:56  Drone x3  
  52  4:00  Queen, Extractor x2  
  55  4:04  Spore Crawler  
  55  4:05  Overlord  
  55  4:07  Drone  
  55  4:09  Drone  
  56  4:14  Drone  
  56  4:15  Drone x2  
  56  4:16  Overlord  
  59  4:21  Overlord  
  59  4:23  Drone x2  
  61  4:29  Zergling x8  
  65  4:33  Overseer, Hydralisk Den  
  65  4:35  Zergling x2  
  65  4:37  Zergling x2  
  66  4:41  Spine Crawler  
  66  4:42  Zergling x2  
  66  4:43  Zergling x2  
  67  4:49  Zergling x8  
  71  4:57  Zergling x4  
  73  5:02  Zergling x4  
  74  5:08  Hydralisk x2  
  72  5:15  Hydralisk x3  
  74  5:24  Hydralisk x2  
  67  5:30  Zergling x4  
Show
View Real Time Build Order
Export as new Build Order

Classic Protoss - Winner!

Build Orders: 1 Gate Expand 

Get SALT Encoding   

  12  0:00  Probe  
  13  0:12  Probe  
  14  0:17  Pylon  
  14  0:24  Probe (Chrono Boost)  
  15  0:36  Probe (Chrono Boost)  
  15  0:37  Assimilator  
  16  0:44  Probe (Chrono Boost)  
  16  0:46  Gateway  
  17  0:51  Probe  
  18  1:03  Probe  
  19  1:15  Probe  
  20  1:23  Nexus  
  20  1:27  Probe  
  21  1:36  Cybernetics Core  
  21  1:39  Probe  
  22  1:44  Assimilator  
  22  1:50  Pylon  
  22  1:53  Probe  
  23  2:08  Probe  
  24  2:10  Adept (Chrono Boost)  
  24  2:15  Twilight Council  
  26  2:20  Warp Gate, Probe  
  27  2:28  Stalker  
  27  2:34  Probe (Chrono Boost)  
  27  2:35  Probe (Chrono Boost)  
  33  2:45  Probe (Chrono Boost)  
  33  2:46  Probe (Chrono Boost)  
  33  2:50  Probe x2 (Chrono Boost)  
  33  2:56  Robotics Facility  
  35  3:02  Charge  
  35  3:17  Gateway  
  35  3:19  Gateway  
  35  3:22  Gateway  
  35  3:26  Assimilator  
  35  3:30  Gateway  
  35  3:33  Gateway  
  35  3:39  Gateway  
  35  3:44  Gateway  
  35  3:47  Warp Prism (Chrono Boost)  
  35  3:52  Probe  
  38  4:07  Pylon  
  38  4:20  Pylon  
  38  4:21  Pylon  
  38  4:36  Zealot  
  38  4:37  Zealot x6  
  38  4:38  Zealot  
  54  4:41  Pylon  
  54  4:42  Pylon  
  54  5:04  Zealot x7  
  54  5:05  Zealot  
  62  5:30  Zealot x7  
  62  5:33  Zealot  
  66  5:51  Zealot x6  

Tags
 
Add a new tag
Caveats
  • Supply blocks, unpowered buildings, or Contaminate may cause inaccurate times.
  • Supply counts are checked every 10 seconds.